 Dungeon Crawl Stone Soup version 0.28-a0-381-g937acc2988 (webtiles) character file.

Game seed: 1865670057335564519

24156 bearlyready the Carver (level 13, -10/103 HPs)
             Began as a Gnoll Cinder Acolyte on Sept 1, 2021.
             Was a High Priest of Ignis.
             Mangled by Frances (28 damage)
             ... on level 11 of the Dungeon.
             The game lasted 00:45:29 (14995 turns).

bearlyready the Carver (Gnoll Cinder Acolyte)      Turns: 14995, Time: 00:45:30

Health: -10/103    AC: 15    Str: 26    XL:     13   Next: 11%
Magic:  25/25      EV: 12    Int: 13    God:    Ignis [*****.]
Gold:   1311       SH:  5    Dex:  9    Spells: 28/29 levels left

rFire   + . .      SeeInvis +   U - +9 morningstar "Newtbane" {vorpal, Drain rElec Dex+6}
rCold   . . .      Faith    .   Q - +0 buckler
rNeg    . . .      Spirit   .   E - +0 scale mail "Moshracw" {rElec rCorr Str+7 Dex-5}
rPois   .          Reflect  .   T - +2 hat {Stlth+}
rElec   +          Harm     +   (no cloak)
rCorr   +          Rampage  .   (no gloves)
Will    .....                   S - +0 pair of boots
Stlth   +++.......              Z - amulet "Giapna" {RegenMP Harm rElec SInv}
HPRegen 0.27/turn               r - +4 ring of protection
MPRegen 0.44/turn               F - +4 ring of slaying

@: about to teleport
A: fangs 1, strong nose, distributed training
a: Renounce Religion, Sea of Fire, Foxfire Swarm, Rising Flame


You were on level 11 of the Dungeon.
You worshipped Ignis.
Ignis was extremely pleased with you.
You visited 1 branch of the dungeon, and saw 12 of its levels.

You collected 1311 gold pieces.

Inventory:

Hand Weapons
 k - a +0 short sword of electrocution
 G - the +11 short sword of Perversion {pain, Int+3}
   (You took it off an orc on level 11 of the Dungeon)

   In the hands of one skilled in necromantic magic, it inflicts extra damage on
   living creatures.
   Int:       It affects your intelligence (+3).
 H - a +3 demon whip of draining
 U - the +9 morningstar "Newtbane" (weapon) {vorpal, Drain rElec Dex+6}
   (You found it on level 8 of the Dungeon)

   It inflicts extra damage upon your enemies.
   Dex:       It affects your dexterity (+6).
   rElec:     It insulates you from electricity.
   Drain:     It drains your maximum health when unequipped.
Missiles
 d - 52 poisoned darts (quivered)
 e - 372 stones
 f - 16 boomerangs
 g - 92 sling bullets
 p - 99 bolts
 A - 2 silver boomerangs
Armour
 h - a +0 ring mail
 u - a +0 helmet
 E - the +0 scale mail "Moshracw" (worn) {rElec rCorr Str+7 Dex-5}
   (You found it on level 5 of the Dungeon)

   Str:       It affects your strength (+7).
   Dex:       It affects your dexterity (-5).
   rElec:     It insulates you from electricity.
   rCorr:     It protects you from acid and corrosion.
 Q - a +0 buckler (worn)
 S - a +0 pair of boots (worn)
 T - a +2 hat of stealth (worn)
Jewellery
 n - a +6 ring of dexterity
 r - a +4 ring of protection (left hand)
 s - an amulet of the acrobat
 t - an amulet of regeneration
 y - a +6 ring of strength
 F - a +4 ring of slaying (right hand)
 L - a ring of magical power
 N - a ring of willpower
 V - a ring of fire
 Z - the amulet "Giapna" (around neck) {RegenMP Harm rElec SInv}
   (You found it on level 10 of the Dungeon)

   [amulet of magic regeneration]

   It increases your rate of magic regeneration.
   rElec:     It insulates you from electricity.
   SInv:      It lets you see invisible.
   Harm:      It increases damage dealt and taken.
Wands
 z - a wand of digging (10)
 J - a wand of flame (43)
 W - a wand of polymorph (13)
Scrolls
 i - 3 scrolls of fog
 j - 2 scrolls of summoning
 m - 3 scrolls of fear
 x - 2 scrolls of amnesia
 I - 3 scrolls of magic mapping
 P - a scroll of vulnerability
 R - 2 scrolls of blinking
 Y - 2 scrolls of enchant armour
Potions
 b - 2 potions of mutation
 c - a potion of magic
 l - a potion of resistance {unknown}
 o - 2 potions of lignification
 w - a potion of curing {unknown}
 X - a potion of attraction {unknown}


   Skills:
 + Level 10.3 Fighting
 + Level 8.0 Short Blades
 + Level 10.3 Long Blades
 + Level 8.0 Axes
 + Level 8.0 Maces & Flails
 + Level 8.0 Polearms
 + Level 8.0 Staves
 + Level 8.0 Slings
 + Level 8.0 Bows
 + Level 8.0 Crossbows
 + Level 8.0 Throwing
 + Level 8.0 Armour
 + Level 8.0 Dodging
 + Level 8.0 Stealth
 + Level 8.0 Shields
 + Level 8.0 Unarmed Combat
 + Level 8.5 Spellcasting
 + Level 6.6 Conjurations
 + Level 6.6 Hexes
 + Level 6.6 Summonings
 + Level 6.6 Necromancy
 + Level 6.6 Translocations
 + Level 6.6 Transmutations
 + Level 7.0 Fire Magic
 + Level 6.6 Ice Magic
 + Level 6.6 Air Magic
 + Level 6.6 Earth Magic
 + Level 6.6 Poison Magic
 + Level 8.7 Invocations
 + Level 8.0 Evocations


You had 28 spell levels left.
You knew the following spells:

 Your Spells              Type           Power      Damage    Failure   Level
a - Foxfire               Conj/Fire      92%        2x1d8     1%          1

Your spell library contained the following spells:

 Spells                   Type           Power      Damage    Failure   Level
 Magic Dart               Conj           88%        1d7       1%          1
 Searing Ray              Conj           44%        3d4       2%          2
 Gell's Gravitas          Tloc           11%        N/A       5%          3
 Lesser Beckoning         Tloc           22%        N/A       5%          3
 Ozocubu's Armour         Ice            22%        N/A       5%          3
 Teleport Other           Tloc           22%        N/A       5%          3
 Animate Dead             Necr           11%        N/A       17%         4
 Fulminant Prism          Conj/Hex       11%        3d9       17%         4
 Iskenderun's Mystic Bla  Conj/Tloc      22%        2d6       17%         4
 Iskenderun's Battlesphe  Conj           22%        2d8       43%         5
 Lee's Rapid Deconstruct  Erth           11%        3d9*      43%         5
 Iron Shot                Conj/Erth      11%        9d3       95%         6
 Haunt                    Necr/Summ      11%        N/A       100%        7
 Ozocubu's Refrigeration  Ice            11%        4d7       100%        7
 Spellforged Servitor     Conj/Summ      11%        N/A       100%        7
 Infestation              Necr           11%        N/A       100%        8


Dungeon Overview and Level Annotations

Branches:
Dungeon (12/15)            Temple (0/1) D:6            Lair (0/6) D:9
    Orc (0/2) D:11

Altars:
Sif Muna
Beogh

Shops:
D:4 *

Annotations:
D:5 1 runed translucent door, freelancePsychic's ghost, novice BaSu
D:11 Frances


Innate Abilities, Weirdness & Mutations

You have very sharp teeth.
Your uncanny sense of smell can sniff out nearby items.
Your experience applies equally to all skills.


Message History

Your Stealth skill increases to level 8!
Your Shields skill increases to level 8!
Your Unarmed Combat skill increases to level 8!
Your Evocations skill increases to level 8!
Frances says, "Warriors are made for war and combat.
Do you call yourself a warrior?"
There is a stone staircase leading up here.
You climb upwards.
There is a stone staircase leading down here.
You start resting.
HP restored.
You climb downwards.
Level annotation: Frances Frances chants phrases taken from a devil's mouth.
You block the iron shot.
There is a stone staircase leading up here.
Frances chants phrases taken from a devil's mouth.
The iron shot hits you!!
You closely miss Frances. You bite Frances.
Frances is lightly wounded.
Frances hits you with a +0 long sword!
Okay, then.
There is a stone staircase leading up here.
You hit Frances. Your bite misses Frances.
Frances is lightly wounded.
Frances screams a word of power!
Frances seems to speed up.
Frances whispers indecipherable words.
The shard of ice misses you.
You climb upwards.
There is a stone staircase leading down here.
You puncture Frances!
Frances is lightly wounded.
Frances hits you with a +0 long sword. Frances completely misses you.
Okay, then.
As you read the scroll of teleportation, it crumbles to dust.
You feel strangely unstable. Frances hits you with a +0 long sword!
Frances hits you with a +0 long sword!
* * * LOW HITPOINT WARNING * * *
Frances hits you with a +0 long sword!!
You die...

##################
#............)....
#.#######.....####
#.#######.........
#.............))..
#.##..............
#.##..........#+##
#@##..........#.##
#>@...........+...
#########.....#.##
#.......#
#########


You could see Frances (fast).

Vanquished Creatures
  Gastronok (D:12)
  A boulder beetle (D:12)
  8 two-headed ogres
  An ugly thing (D:11)
  A deep elf pyromancer (D:12)
  2 cyclopes
  2 manticores
  A gargoyle (D:11)
  A kobold demonologist (D:12)
  2 unseen horrors
  4 orange demons
  2 red devils (D:12)
  8 trolls
  A meliai zombie (D:6)
  3 wyverns
  11 yaks
  A steam dragon (D:9)
  3 vampire mosquitoes (D:12)
  3 wargs (D:6)
  2 acid dragons
  3 water moccasins (D:8)
  9 orc warriors
  3 black bears
  An ice beast (D:6)
  A necrophage (D:7)
  4 sky beasts
  A hornet zombie (D:7)
  6 ogres
  3 centaurs
  2 phantoms
  3 kobold brigands
  5 bullfrogs
  A wyvern zombie (D:8)
  5 gnoll sergeants
  2 scorpions (D:6)
  A water moccasin skeleton (D:5)
  7 killer bees
  A wight (D:8)
  3 electric eels (D:7)
  12 howler monkeys
  5 centaur zombies
  A bullfrog zombie (D:6)
  5 hounds (D:6)
  3 centaur skeletons
  A gnoll shaman (D:8)
  12 orc priests
  Ijyb (D:4)
  10 orc wizards
  3 iguanas (D:4)
  A hound skeleton (D:5)
  A mummy (D:7)
  A howler monkey zombie (D:8)
  7 adders
  23 gnolls
  A shadow imp (D:5)
  A white imp (D:8)
  An ufetubus (D:6)
  4 worms
  2 dart slugs
  44 orcs
  5 ball pythons
  2 bats (D:3)
  10 endoplasms
  2 giant cockroaches (D:1)
  13 goblins
  3 hobgoblins
  3 jackals (D:5)
  2 quokkas
  2 frilled lizards (D:3)
  33 kobolds
  3 rats
336 creatures vanquished.

Vanquished Creatures (others)
  17 foxfires
  2 fungi (D:6)
  16 plants
35 creatures vanquished.

Grand Total: 371 creatures vanquished

Notes
Turn   | Place    | Note
-------+----------+-------------------------------------------
     0 | D:1      | bearlyready the Gnoll Cinder Acolyte began the quest for
                  | the Orb.
     0 | D:1      | Reached XP level 1. HP: 23/23 MP: 4/4
   154 | D:1      | Reached XP level 2. HP: 24/29 MP: 5/5
   847 | D:1      | Reached XP level 3. HP: 32/35 MP: 7/7
  1499 | D:2      | Reached skill level 1 in Invocations
  1623 | D:2      | Reached skill level 1 in Short Blades
  1623 | D:2      | Reached skill level 1 in Axes
  1623 | D:2      | Reached skill level 1 in Maces & Flails
  1623 | D:2      | Reached skill level 1 in Polearms
  1623 | D:2      | Reached skill level 1 in Staves
  1623 | D:2      | Reached skill level 1 in Slings
  1623 | D:2      | Reached skill level 1 in Bows
  1623 | D:2      | Reached skill level 1 in Crossbows
  1623 | D:2      | Reached skill level 1 in Throwing
  1623 | D:2      | Reached skill level 1 in Armour
  1623 | D:2      | Reached skill level 1 in Dodging
  1623 | D:2      | Reached skill level 1 in Stealth
  1623 | D:2      | Reached skill level 1 in Shields
  1623 | D:2      | Reached skill level 1 in Unarmed Combat
  1623 | D:2      | Reached skill level 1 in Evocations
  1637 | D:1      | Reached XP level 4. HP: 36/41 MP: 8/8
  2052 | D:2      | Found a faded altar of an unknown god.
  2665 | D:3      | Reached skill level 1 in Conjurations
  2665 | D:3      | Reached skill level 1 in Hexes
  2665 | D:3      | Reached skill level 1 in Summonings
  2665 | D:3      | Reached skill level 1 in Necromancy
  2665 | D:3      | Reached skill level 1 in Translocations
  2665 | D:3      | Reached skill level 1 in Transmutations
  2665 | D:3      | Reached skill level 1 in Ice Magic
  2665 | D:3      | Reached skill level 1 in Air Magic
  2665 | D:3      | Reached skill level 1 in Earth Magic
  2665 | D:3      | Reached skill level 1 in Poison Magic
  3240 | D:4      | Reached XP level 5. HP: 47/47 MP: 9/9
  3349 | D:4      | Noticed Ijyb
  3397 | D:4      | Reached XP level 6. HP: 52/53 MP: 1/10
  3409 | D:4      | Killed Ijyb
  3621 | D:4      | Found Fefouf's Assorted Antiques.
  3942 | D:4      | Reached XP level 7. HP: 59/59 MP: 12/12
  4061 | D:5      | Entered Level 5 of the Dungeon
  4110 | D:5      | Identified the +0 scale mail "Moshracw" {rElec rCorr Str+7
                  | Dex-5}
  4312 | D:5      | Noticed freelancePsychic's ghost (novice BaSu)
  4313 | D:5      | Found a runed translucent door.
  4782 | D:6      | Found a staircase to the Ecumenical Temple.
  4872 | D:5      | Reached XP level 8. HP: 39/67 MP: 14/14
  5511 | D:6      | Reached XP level 9. HP: 62/72 MP: 16/16
  5602 | D:6      | Noticed a two-headed ogre
  5630 | D:6      | Killed a two-headed ogre
  5631 | D:6      | Reached skill level 5 in Spellcasting
  5685 | D:6      | Reached skill level 5 in Invocations
  5967 | D:6      | Noticed a troll
  5986 | D:6      | Killed a troll
  5987 | D:6      | Reached XP level 10. HP: 40/80 MP: 18/18
  6156 | D:6      | Reached skill level 5 in Short Blades
  6156 | D:6      | Reached skill level 5 in Axes
  6156 | D:6      | Reached skill level 5 in Maces & Flails
  6156 | D:6      | Reached skill level 5 in Polearms
  6156 | D:6      | Reached skill level 5 in Staves
  6156 | D:6      | Reached skill level 5 in Slings
  6156 | D:6      | Reached skill level 5 in Bows
  6156 | D:6      | Reached skill level 5 in Crossbows
  6156 | D:6      | Reached skill level 5 in Throwing
  6156 | D:6      | Reached skill level 5 in Armour
  6156 | D:6      | Reached skill level 5 in Dodging
  6156 | D:6      | Reached skill level 5 in Stealth
  6156 | D:6      | Reached skill level 5 in Shields
  6156 | D:6      | Reached skill level 5 in Unarmed Combat
  6156 | D:6      | Reached skill level 5 in Evocations
  6988 | D:7      | Reached skill level 5 in Fire Magic
  7315 | D:7      | Noticed a two-headed ogre
  7355 | D:7      | Killed a two-headed ogre
  8036 | D:8      | Reached XP level 11. HP: 87/87 MP: 20/20
  8115 | D:8      | Identified the +9 morningstar "Newtbane" {vorpal, Drain
                  | rElec Dex+6}
  8151 | D:8      | Noticed a manticore
  8185 | D:8      | Killed a manticore
  8186 | D:8      | Reached skill level 5 in Conjurations
  8186 | D:8      | Reached skill level 5 in Hexes
  8186 | D:8      | Reached skill level 5 in Summonings
  8186 | D:8      | Reached skill level 5 in Necromancy
  8186 | D:8      | Reached skill level 5 in Translocations
  8186 | D:8      | Reached skill level 5 in Transmutations
  8186 | D:8      | Reached skill level 5 in Ice Magic
  8186 | D:8      | Reached skill level 5 in Air Magic
  8186 | D:8      | Reached skill level 5 in Earth Magic
  8186 | D:8      | Reached skill level 5 in Poison Magic
  8196 | D:8      | Noticed a two-headed ogre
  8234 | D:8      | Killed a two-headed ogre
  8815 | D:9      | Found a staircase to the Lair.
  8891 | D:9      | Noticed a two-headed ogre
  8904 | D:9      | Killed a two-headed ogre
  9235 | D:10     | Entered Level 10 of the Dungeon
  9253 | D:10     | Identified the amulet "Giapna" {RegenMP Harm rElec SInv}
  9461 | D:10     | Noticed a two-headed ogre
  9472 | D:10     | Killed a two-headed ogre
  9597 | D:10     | Found a shimmering blue altar of Sif Muna.
  9648 | D:10     | Noticed a two-headed ogre
  9659 | D:10     | Killed a two-headed ogre
  9660 | D:10     | Reached XP level 12. HP: 96/96 MP: 23/23
 10126 | D:11     | Found a staircase to the Orcish Mines.
 11032 | D:11     | Identified the +11 short sword of Perversion {pain, Int+3}
 11359 | D:11     | Identified a scroll of acquirement
 11360 | D:11     | Acquired 642 gold pieces
 11780 | D:12     | Noticed a two-headed ogre
 11820 | D:12     | Killed a two-headed ogre
 11834 | D:12     | Noticed Gastronok
 11844 | D:12     | Killed Gastronok
 11845 | D:12     | Reached skill level 10 in Fighting
 11845 | D:12     | Reached skill level 10 in Long Blades
 12764 | D:12     | Noticed a two-headed ogre
 12791 | D:11     | Killed a two-headed ogre
 13079 | D:12     | HP: 1/97 [red devil (13)]
 13867 | D:12     | Reached XP level 13. HP: 65/103 MP: 25/25
 14394 | D:12     | Noticed Frances
 14995 | D:11     | Mangled by Frances

Illustrated notes

Levels and vault maps discovered:
D:1:      amcnicky_arrival_flooded_fountain, layout_loops_ring
D:2:      cheibrodos_pilgrimage, layout_rooms,
          hellmonk_ecumenical_altar_leap_of_faith, roderic_serpentine_path
D:3:      layout_loops_cross
D:4:      layout_gridville, serial_shops, shop, uniq_ijyb
D:5:      layout_loops_ring, hellmonk_ghost_happy_afterlife,
          chequers_serial_rivers_micro_c
D:6:      lemuel_castle_with_subvaults [lemuel_castle_interior_original],
          layout_basic, minmay_temple_entry_gardened_gates
D:7:      layout_basic, serial_undead, serial_undead_b, serial_undead_c,
          serial_undead_d, serial_undead_f, kennysheep_doodads,
          david_defended_altar_orc
D:8:      cheibrodos_fzero, layout_rooms
D:9:      layout_roguey, lair_entry_dummy
D:10:     layout_roguey, led_sif_book, hangedman_decor_slide_cut,
          serial_bayou_crossing
D:11:     layout_basic, orc_david_3
D:12:     nzn_winding_woodlands_large [nzn_winding_woodlands_5x5_default,
          nzn_winding_woodlands_5x15_sidewinder,
          nzn_winding_woodlands_5x5_cross,
          nzn_winding_woodlands_center_pierced_h,
          nzn_winding_woodlands_15x15_killbox,
          nzn_winding_woodlands_center_garden,
          nzn_winding_woodlands_5x5_closed_star,
          nzn_winding_woodlands_5x15_default,
          nzn_winding_woodlands_5x5_default], layout_long_grid,
          minmay_beelzebubs_servants, uniq_gastronok, uniq_urug, uniq_frances

Skill      XL: |  1  2  3  4  5  6  7  8  9 10 11 12 13 |
---------------+----------------------------------------+-----
Fire Magic     | 2 3 4 5 6 7 |  7.0
Invocations    | 1 2 3 4 5 6 7 8 |  8.7
Short Blades   | 1 2 3 4 5 6 7 8 |  8.0
Axes           | 1 2 3 4 5 6 7 8 |  8.0
Maces & Flails | 1 2 3 4 5 6 7 8 |  8.0
Polearms       | 1 2 3 4 5 6 7 8 |  8.0
Staves         | 1 2 3 4 5 6 7 8 |  8.0
Slings         | 1 2 3 4 5 6 7 8 |  8.0
Bows           | 1 2 3 4 5 6 7 8 |  8.0
Crossbows      | 1 2 3 4 5 6 7 8 |  8.0
Throwing       | 1 2 3 4 5 6 7 8 |  8.0
Armour         | 1 2 3 4 5 6 7 8 |  8.0
Dodging        | 1 2 3 4 5 6 7 8 |  8.0
Stealth        | 1 2 3 4 5 6 7 8 |  8.0
Shields        | 1 2 3 4 5 6 7 8 |  8.0
Unarmed Combat | 1 2 3 4 5 6 7 8 |  8.0
Evocations     | 1 2 3 4 5 6 7 8 |  8.0
Spellcasting   | 3 4 5 6 7 8 |  8.5
Conjurations   | 1 2 3 4 5 6 |  6.6
Hexes          | 1 2 3 4 5 6 |  6.6
Summonings     | 1 2 3 4 5 6 |  6.6
Necromancy     | 1 2 3 4 5 6 |  6.6
Translocations | 1 2 3 4 5 6 |  6.6
Transmutations | 1 2 3 4 5 6 |  6.6
Ice Magic      | 1 2 3 4 5 6 |  6.6
Air Magic      | 1 2 3 4 5 6 |  6.6
Earth Magic    | 1 2 3 4 5 6 |  6.6
Poison Magic   | 1 2 3 4 5 6 |  6.6
Fighting       | 7 8 9 10 | 10.3
Long Blades    | 7 8 9 10 | 10.3

Action                   |  1- 3 |  4- 6 |  7- 9 | 10-12 | 13-15 || total
-------------------------+-------+-------+-------+-------+-------++-------
Melee: Falchion          |    82 |       |       |       |       ||    82
       Bite              |    10 |    17 |    20 |    71 |     6 ||   124
       Short sword       |    25 |   244 |   104 |       |       ||   373
       Punch             |       |     2 |     3 |     7 |       ||    12
       Demon whip        |       |       |   162 |   716 |       ||   878
       Morningstar       |       |       |       |    14 |    38 ||    52
Throw: Dart              |       |       |    16 |    39 |     6 ||    61
       Boomerang         |       |       |       |    10 |     6 ||    16
       Throwing net      |       |       |       |     5 |     1 ||     6
 Cast: Foxfire           |       |     7 |     4 |       |       ||    11
Evoke: Wand              |       |     1 |     4 |    15 |     1 ||    21
  Use: Scroll            |       |       |     8 |    10 |     5 ||    23
       Potion            |       |       |     1 |     4 |     2 ||     7
 Stab: Held in net/web   |       |       |       |     1 |     1 ||     2
       Sleeping          |       |       |       |     1 |       ||     1
Armor: Robe              |     8 |       |       |       |       ||     8
       Ring mail         |    18 |   123 |     4 |       |       ||   145
       Scale mail        |       |       |   154 |   329 |     9 ||   492
       Skin              |       |       |       |    36 |       ||    36
Dodge: Dodged            |    54 |   111 |   158 |   303 |    14 ||   640
Block: Buckler           |       |       |       |   107 |     5 ||   112

Table legend: (Time is in decaauts)
 A = Elapsed time spent in this place.
 B = Non-inter-level travel time spent in this place.
 C = Inter-level travel time spent in this place.
 D = Time resting spent in this place.
 E = Time spent auto-exploring this place.
 F = Levels seen in this place.
 G = Mean time per level.
                   A        B        C        D        E       F      G
               +--------+--------+--------+--------+--------+-----+--------+
         Total |  14843 |  14387 |    456 |   1609 |   9169 |  12 | 1236.9 |
       Dungeon |  14843 |  14387 |    456 |   1609 |   9169 |  12 | 1236.9 |
               +--------+--------+--------+--------+--------+-----+--------+

Top non-repeatable levels by time:
    D:11: 2404 daAuts
    D:12: 2305 daAuts
     D:6: 1907 daAuts
     D:1: 1277 daAuts
     D:7: 1029 daAuts
     D:2: 990 daAuts
    D:10: 988 daAuts
     D:5: 947 daAuts
     D:3: 901 daAuts
     D:4: 897 daAuts
     D:8: 745 daAuts
     D:9: 448 daAuts
